 Dungeon Crawl Stone Soup version 0.24.0-37-gcf1ca852f1 (webtiles) character file.

Game seed: 10219415572266342912, levelgen mode: deterministic

662 Iamsoldier the Sneak (level 7, 0/48 HPs)
             Began as an Octopode Assassin on Dec 2, 2019.
             Was an Initiate of Dithmenos.
             Killed from afar by an orc wizard (7 damage)
             ... with a magic dart
             ... on level 4 of the Dungeon.
             The game lasted 00:09:15 (4783 turns).

Iamsoldier the Sneak (Octopode Assassin)            Turns: 4783, Time: 00:09:15

Health: 0/48       AC:  1    Str: 10    XL:     7   Next: 56%
Magic:  7/7        EV: 15    Int: 13    God:    Dithmenos [......]
Gold:   114        SH:  0    Dex: 16    Spells: 6/6 levels left

rFire    . . .     SeeInvis .   a - +3 dagger
rCold    . . .     Gourm    .   (no shield)
rNeg     + . .     Faith    .   (helmet restricted)
rPois    .         Spirit   .   (no amulet)
rElec    .         Reflect  .   l - ring of positive energy
rCorr    .         Harm     .   (no ring)
MR       .....                  (no ring)
Stlth    ++++++....             (no ring)
HPRegen  0.16/turn              (no ring)
MPRegen  0.10/turn              (no ring)
                                (no ring)
                                (no ring)

@: no status effects
A: almost no armour, stealthy swim, amphibious, 8 rings, constrict 8, camouflage
1, gelatinous body 1
a: Renounce Religion


You were on level 4 of the Dungeon.
You worshipped Dithmenos.
Dithmenos was noncommittal.
You were not hungry.

You visited 2 branches of the dungeon, and saw 5 of its levels.
You also visited: Sewer.

You collected 114 gold pieces.

Inventory:

Hand Weapons
 a - a +3 dagger (weapon)
Missiles
 b - 38 poisoned darts (quivered)
 c - 9 curare-tipped darts
Jewellery
 l - a ring of positive energy (left tentacle)
Wands
 v - a wand of flame (15)
Scrolls
 f - a scroll of magic mapping
 g - 4 scrolls of remove curse
 i - 3 scrolls of teleportation
 j - 4 scrolls of identify
 m - a scroll of enchant armour
Potions
 e - 2 potions of flight
 h - 4 potions of might {unknown}
 k - 6 potions of heal wounds {unknown}
 n - 2 potions of lignification {unknown}
 o - 3 potions of mutation {unknown}
 p - a potion of brilliance {unknown}
 q - a potion of curing
 r - a potion of ambrosia {unknown}
Comestibles
 d - 9 rations


   Skills:
 + Level 4.0 Fighting
 * Level 4.0 Short Blades
 - Level 4.0 Throwing
 + Level 3.5 Dodging
 + Level 7.3 Stealth


You had 6 spell levels left.
You didn't know any spells.
Your spell library was empty.

Dungeon Overview and Level Annotations

Branches:
Dungeon (4/15)             Temple (1/1) D:4           Sewer (visited)

Altars:
Cheibriados
Dithmenos
Elyvilon
Gozag
Makhleb
Nemelex Xobeh
Okawaru
Qazlal
Ru
Sif Muna
Uskayaw
Vehumet
Wu Jian
Xom
Yredelemnul

Shops:
D:4 *


Innate Abilities, Weirdness & Mutations

You cannot wear most types of armour.
You are very stealthy in the water. (Stealth+)
You are amphibious.
You can wear up to eight rings at the same time.
You can use your tentacles to constrict eight enemies at once.
Your skin changes colour to match your surroundings (Stealth+).
Your rubbery body absorbs attacks. (AC +1, EV +1)


Message History

Dithmenos accepts your kill.
Your Fighting skill increases to level 4!
The orc wizard hits you with a +0 dagger.
* * * LOW HITPOINT WARNING * * *
You feel better. The orc closely misses you.
The orc wizard hits you with a +0 dagger.
* * * LOW HITPOINT WARNING * * *
You feel better. The orc barely misses you.
The orc wizard mumbles some strange words.
The orc wizard seems to speed up.
The orc hits you with a +1 dagger of electrocution.
* * * LOW HITPOINT WARNING * * *
The orc wizard gestures wildly while chanting.
The orc wizard blinks!
A worm comes into view.
The worm moves out of view.
An orc wizard is nearby!
The orc wizard gestures at you while chanting.
The magic dart hits you!
You die...

***,,,,..#####.....## #...
*,,,,,...........[..### #...
,,,,**#........≈≈≈≈≈≈≈# #...
***** *#....≈≈≈≈.....≈# #.##
##....≈....⌠.⌠.≈# ##.##
#......._...∩..≈#######....
#.....≈....⌠.⌠.≈.##........
#.....≈≈≈≈.....≈...........
##........≈@≈≈≈≈≈...#####...
** ###...).†...######o.###
#... ,###.........w..###
#.o# #..#
,....<............###..#
#..#
*.........#####.......##
#..# *.........#* ##......#
#..# *..........* ###....#
#..# ,..........#* ##...#*
#... ,.....###...*
*#....****###...


You could see a worm (wandering) and an orc wizard.

Vanquished Creatures
  Sigmund (D:3)
  2 big kobolds (Sewer)
  An orc wizard (D:4)
  An orc priest (D:4)
  A hound (D:4)
  A worker ant (D:4)
  A gnoll (D:1)
  5 adders
  8 river rats (Sewer)
  An ooze (D:2)
  3 worms
  A dart slug (D:3)
  3 leopard geckos
  5 orcs
  9 giant cockroaches
  9 goblins
  5 hobgoblins
  5 jackals (D:2)
  19 kobolds
  3 quokkas
  6 ball pythons
  4 bats
  A frilled lizard (Sewer)
  24 rats
119 creatures vanquished.

Notes
Turn   | Place    | Note
-------+----------+-------------------------------------------
     0 | D:1      | Iamsoldier the Octopode Assassin began the quest for the
                  | Orb.
     0 | D:1      | Reached XP level 1. HP: 14/14 MP: 1/1
    39 | D:1      | Reached XP level 2. HP: 18/19 MP: 2/2
   141 | D:1      | Reached XP level 3. HP: 24/24 MP: 3/3
  1261 | D:2      | Reached XP level 4. HP: 29/30 MP: 4/4
  1778 | D:3      | Reached skill level 6 in Stealth
  2356 | D:3      | Noticed Sigmund
  2373 | D:3      | Killed Sigmund
  2373 | D:3      | Reached XP level 5. HP: 30/36 MP: 5/5
  2373 | D:3      | Reached XP level 6. HP: 35/42 MP: 6/6
  2613 | D:4      | Found a staircase to the Ecumenical Temple.
  2752 | D:4      | Found a glowing drain.
  2786 | Sewer    | Entered a sewer
  3208 | Sewer    | Reached XP level 7. HP: 44/46 MP: 7/7
  3390 | Sewer    | Reached skill level 7 in Stealth
  4537 | Temple   | Entered the Ecumenical Temple
  4650 | Temple   | Became a worshipper of Dithmenos the Shadowed
  4683 | D:4      | Found a white marble altar of Elyvilon.
  4723 | D:4      | Found Gozag's Platinum Reserve.
  4727 | D:4      | Found an opulent altar of Gozag.
  4773 | D:4      | HP: 2/48 [orc wizard/+0 dagger (3)]
  4783 | D:4      | Killed from afar by an orc wizard

Levels and vault maps discovered:
D:1:      dpeg_arrival_orchard, layout_basic, minivault_25
D:2:      layout_basic
D:3:      layout_rooms, uniq_sigmund
D:4:      layout_layer_cave, nicolae_gozag_zags_fifth_avenue,
          lemuel_crystal_altar, kennysheep_little_box,
          minmay_temple_entry_stoned_glass, portal_sewer_entry_b,
          gammafunk_ghost_smash
Temple:   dshaligram_water_room_temple

Skill      XL: |  1  2  3  4  5  6  7 |
---------------+----------------------+-----
Stealth        | 6 7 |  7.3
Dodging        | 2 3 |  3.5
Fighting       | 3 4 |  4.0
Short Blades   | 3 4 |  4.0
Throwing       | 3 4 |  4.0

Action                   |  1- 3 |  4- 6 |  7- 9 || total
-------------------------+-------+-------+-------++-------
Melee: Dagger            |    50 |   105 |    78 ||   233
       Constrict         |    11 |    25 |    21 ||    57
       Tentacles         |    10 |    24 |    16 ||    50
  Use: Scroll            |       |     8 |       ||     8
       Potion            |       |     1 |     4 ||     5
 Stab: Sleeping          |    14 |    10 |     2 ||    26
       Distracted        |     1 |       |       ||     1
  Eat: Chunk             |     1 |     6 |     5 ||    12
Armor: Skin              |     2 |     6 |     1 ||     9
Dodge: Dodged            |    28 |    81 |    58 ||   167
